| TOP OF THE 1ST |
|
Kane County Cougars batting - Pitching for Wisconsin Timber Rattlers : RHP Elijah Seabrooks
|
|
Pitching: RHP Elijah Seabrooks
|
|
|
Batting: LHB Willie Gutierrez
|
0-0: Foul Ball, location: 2F 0-1: Ball 1-1: Called Strike 1-2: Ball 2-2: Ball 3-2: Ground out U3 (Groundball, 3, EV 92.5 MPH)
|
|
Batting: RHB Franklin Villanueva
|
0-0: Ball 1-0: Ground out 6-3 (Groundball, 6S, EV 88.8 MPH)
|
|
Batting: RHB Dave Vargas
|
0-0: Swinging Strike 0-1: Ball 1-1: Foul Ball, location: 2F 1-2: Strikes out swinging
|
| Top of the 1st over - 0 runs, 0 hits, 0 errors, 0 left on base; Kane County 0 - Wisconsin 0 |
| BOTTOM OF THE 1ST |
|
Wisconsin Timber Rattlers batting - Pitching for Kane County Cougars : RHP Joey Keim
|
|
Pitching: RHP Joey Keim
|
|
|
Batting: RHB Carlos Salazar
|
0-0: Ball 1-0: Ball 2-0: Ground out U3 (Groundball, 34S, EV 76.9 MPH)
|
|
Batting: LHB Joe Vida
|
0-0: Ball 1-0: Ground out 4-3 (Groundball, 4, EV 91.9 MPH)
|
|
Batting: LHB Alan Bianchard
|
0-0: Foul Ball, location: 2F 0-1: Ground out 6-3 (Groundball, 6, EV 80.0 MPH)
|
| Bottom of the 1st over - 0 runs, 0 hits, 0 errors, 0 left on base; Kane County 0 - Wisconsin 0 |
| TOP OF THE 2ND |
|
Kane County Cougars batting - Pitching for Wisconsin Timber Rattlers : RHP Elijah Seabrooks
|
|
Batting: RHB Marlon Reda
|
0-0: Called Strike 0-1: Ball 1-1: Ball 2-1: Ball 3-1: Foul Ball, location: 2F 3-2: Base on Balls
|
|
Batting: LHB T.J. Duvall
|
0-0: Called Strike 0-1: Ball 1-1: Foul Ball, location: 2F 1-2: Ball 2-2: Ball 3-2: SINGLE (Flyball, 4D, EV 93.1 MPH) Marlon Reda to second
|
|
Batting: RHB Matt Maxwell
|
0-0: Ball 1-0: Swinging Strike 1-1: Swinging Strike 1-2: Strikes out swinging
|
|
Batting: RHB John Pena
|
0-0: Called Strike 0-1: Called Strike 0-2: Strikes out swinging
|
|
Batting: RHB Curt Barrett
|
0-0: Foul Ball, location: 2F 0-1: Foul Ball, location: 2F 0-2: Ball 1-2: Ball 2-2: Strikes out swinging
|
| Top of the 2nd over - 0 runs, 1 hit, 0 errors, 2 left on base; Kane County 0 - Wisconsin 0 |
| BOTTOM OF THE 2ND |
|
Wisconsin Timber Rattlers batting - Pitching for Kane County Cougars : RHP Joey Keim
|
|
Batting: LHB Andy Sanchez
|
0-0: Foul Ball, location: 2F 0-1: Ball 1-1: Ball 2-1: Ball 3-1: SOLO HOME RUN (Line Drive, 9LD, EV 93.1 MPH), Distance : 363 ft
|
|
Batting: RHB Gene Sutton
|
0-0: Ball 1-0: Ball 2-0: Called Strike 2-1: Fly out, F8 (Flyball, 89D, EV 83.1 MPH)
|
|
Batting: LHB Aaron Mobley
|
0-0: Ball 1-0: Ground out 5-3 (Groundball, 56S, EV 86.3 MPH)
|
|
Batting: RHB Aaron Lind
|
0-0: Ball 1-0: Foul Ball, location: 2F 1-1: Foul Ball, location: 2F 1-2: Ball 2-2: Ball 3-2: Strikes out swinging
|
| Bottom of the 2nd over - 1 run, 1 hit, 0 errors, 0 left on base; Kane County 0 - Wisconsin 1 |
| TOP OF THE 3RD |
|
Kane County Cougars batting - Pitching for Wisconsin Timber Rattlers : RHP Elijah Seabrooks
|
|
Batting: LHB Brian Nielsen
|
0-0: Ball 1-0: Foul Ball, location: 2F 1-1: Ball 2-1: Ball 3-1: Base on Balls
|
|
Batting: LHB Willie Gutierrez
|
0-0: Ball 1-0: Ball 2-0: Foul Ball, location: 2F 2-1: Foul Ball, location: 2F 2-2: Strikes out swinging
|
|
Batting: RHB Franklin Villanueva
|
0-0: Ball 1-0: Foul Ball, location: 2F 1-1: Called Strike Brian Nielsen steals 2nd base 1-2: Foul Ball, location: 2F 1-2: Ball 2-2: 2-RUN HOME RUN (Flyball, 7LD, EV 93.8 MPH), Distance : 354 ft
|
|
Batting: RHB Dave Vargas
|
0-0: Called Strike 0-1: Ball 1-1: TRIPLE (Line Drive, 78XD, EV 103.1 MPH)
|
|
Batting: RHB Marlon Reda
|
0-0: Ball 1-0: Foul Ball, location: 2F 1-1: Called Strike 1-2: DOUBLE (Flyball, 8RXD, EV 103.1 MPH) Dave Vargas scores
|
|
Batting: LHB T.J. Duvall
|
0-0: Called Strike 0-1: Ball 1-1: Ball 2-1: Foul Ball, location: 2F 2-2: Foul Ball, location: 2F 2-2: Ball 3-2: Fly out, F7 (Flyball, 7, EV 94.4 MPH)
|
|
Batting: RHB Matt Maxwell
|
0-0: Swinging Strike 0-1: Ball 1-1: Ball 2-1: SINGLE (Groundball, P, EV 88.8 MPH) (infield hit) Marlon Reda to third
|
|
Batting: RHB John Pena
|
0-0: Foul Ball, location: 2F 0-1: Swinging Strike 0-2: Ball 1-2: Fly out, F7 (Flyball, 7LM, EV 96.3 MPH)
|
| Top of the 3rd over - 3 runs, 4 hits, 0 errors, 2 left on base; Kane County 3 - Wisconsin 1 |
| BOTTOM OF THE 3RD |
|
Wisconsin Timber Rattlers batting - Pitching for Kane County Cougars : RHP Joey Keim
|
|
Batting: RHB Bryant Thies
|
0-0: Called Strike 0-1: Ball 1-1: Ball 2-1: Foul Ball, location: 2F 2-2: SINGLE (Flyball, 89S, EV 85.6 MPH)
|
|
Batting: RHB Raymond Young
|
0-0: Called Strike 0-1: Ball 1-1: Ball 2-1: Called Strike 2-2: Grounds into double play, 4-6-3 (Groundball, 34, EV 94.4 MPH)
|
|
Batting: RHB Carlos Salazar
|
0-0: Ball 1-0: Ball 2-0: Ball 3-0: Called Strike 3-1: Fly out, F6 (Popup, 6, EV 76.3 MPH)
|
| Bottom of the 3rd over - 0 runs, 1 hit, 0 errors, 0 left on base; Kane County 3 - Wisconsin 1 |
| TOP OF THE 4TH |
|
Kane County Cougars batting - Pitching for Wisconsin Timber Rattlers : RHP Elijah Seabrooks
|
|
Batting: RHB Curt Barrett
|
0-0: Called Strike 0-1: Swinging Strike 0-2: Foul Ball, location: 2F 0-2: Ball 1-2: Strikes out swinging
|
|
Batting: LHB Brian Nielsen
|
0-0: Called Strike 0-1: Swinging Strike 0-2: Strikes out looking
|
|
Batting: LHB Willie Gutierrez
|
0-0: Ball 1-0: Ball 2-0: Ball 3-0: Called Strike 3-1: Base on Balls
|
|
Pitching: LHP Tom Barone
|
|
|
Batting: RHB Franklin Villanueva
|
0-0: Ball 1-0: Called Strike 1-1: Swinging Strike 1-2: Foul Ball, location: 2F 1-2: Strikes out swinging
|
| Top of the 4th over - 0 runs, 0 hits, 0 errors, 1 left on base; Kane County 3 - Wisconsin 1 |
| BOTTOM OF THE 4TH |
|
Wisconsin Timber Rattlers batting - Pitching for Kane County Cougars : RHP Joey Keim
|
|
Batting: LHB Joe Vida
|
0-0: Called Strike 0-1: Ground out 6-3 (Groundball, 6, EV 82.5 MPH)
|
|
Batting: LHB Alan Bianchard
|
0-0: Foul Ball, location: 2F 0-1: Swinging Strike 0-2: Strikes out swinging
|
|
Batting: LHB Andy Sanchez
|
0-0: Ball 1-0: Called Strike 1-1: Foul Ball, location: 2F 1-2: Ball 2-2: Fly out, F7 (Flyball, 7LM, EV 75.0 MPH)
|
| Bottom of the 4th over - 0 runs, 0 hits, 0 errors, 0 left on base; Kane County 3 - Wisconsin 1 |
| TOP OF THE 5TH |
|
Kane County Cougars batting - Pitching for Wisconsin Timber Rattlers : LHP Tom Barone
|
|
Batting: RHB Dave Vargas
|
0-0: Ball 1-0: Ball 2-0: Called Strike 2-1: Swinging Strike 2-2: Ball 3-2: Fly out, F7 (Flyball, 7S, EV 88.8 MPH)
|
|
Batting: RHB Marlon Reda
|
0-0: Ball 1-0: Foul Ball, location: 2F 1-1: SINGLE (Groundball, 56D, EV 96.9 MPH)
|
|
Batting: LHB T.J. Duvall
|
0-0: Ball 1-0: Swinging Strike 1-1: Called Strike 1-2: Foul Ball, location: 2F 1-2: Ball 2-2: Foul Ball, location: 2F 2-2: Reached on error, E6 (Groundball, 6, EV 100.6 MPH) Marlon Reda to second
|
|
Batting: RHB Matt Maxwell
|
0-0: Ball 1-0: Ball 2-0: Foul Ball, location: 2F 2-1: Ground out 4-3 (Groundball, 34D, EV 78.8 MPH) Marlon Reda to third T.J. Duvall to second
|
|
Batting: RHB John Pena
|
0-0: Ball 1-0: Ball 2-0: Ball 3-0: Base on Balls
|
|
Batting: RHB Curt Barrett
|
0-0: Ball 1-0: Fly out, F9 (Line Drive, 9, EV 87.5 MPH)
|
| Top of the 5th over - 0 runs, 1 hit, 1 error, 3 left on base; Kane County 3 - Wisconsin 1 |
| BOTTOM OF THE 5TH |
|
Wisconsin Timber Rattlers batting - Pitching for Kane County Cougars : RHP Joey Keim
|
|
Batting: RHB Gene Sutton
|
0-0: Ball 1-0: Ball 2-0: Ball 3-0: Called Strike 3-1: Ground out 4-3 (Groundball, 4, EV 80.6 MPH)
|
|
Batting: LHB Aaron Mobley
|
0-0: DOUBLE (Flyball, 8RXD, EV 90.6 MPH)
|
|
Batting: RHB Aaron Lind
|
0-0: Ball 1-0: Fly out, F7 (Line Drive, 7, EV 95.0 MPH)
|
|
Batting: RHB Bryant Thies
|
0-0: Ball 1-0: Ground out U3 (Groundball, 34, EV 100.0 MPH)
|
| Bottom of the 5th over - 0 runs, 1 hit, 0 errors, 1 left on base; Kane County 3 - Wisconsin 1 |
| TOP OF THE 6TH |
|
Kane County Cougars batting - Pitching for Wisconsin Timber Rattlers : LHP Tom Barone
|
|
Batting: LHB Brian Nielsen
|
0-0: Called Strike 0-1: Ball 1-1: Fly out, F8 (Flyball, 8LD, EV 85.6 MPH)
|
|
Batting: LHB Willie Gutierrez
|
0-0: Ball 1-0: Swinging Strike 1-1: Ball 2-1: Ground out 4-3 (Groundball, 4, EV 98.1 MPH)
|
|
Batting: RHB Franklin Villanueva
|
0-0: Called Strike 0-1: SINGLE (Line Drive, 9S, EV 88.1 MPH)
|
|
Pitching: RHP Brian Harper
|
|
|
Batting: RHB Dave Vargas
|
0-0: Ball 1-0: Ball 2-0: Called Strike 2-1: Foul Ball, location: 2F 2-2: Ball Franklin Villanueva steals 2nd base 3-2: Foul Ball, location: 2F 3-2: Foul Ball, location: 2F 3-2: Ground out 4-3 (Groundball, 34, EV 89.4 MPH)
|
| Top of the 6th over - 0 runs, 1 hit, 0 errors, 1 left on base; Kane County 3 - Wisconsin 1 |
| BOTTOM OF THE 6TH |
|
Wisconsin Timber Rattlers batting - Pitching for Kane County Cougars : RHP Joey Keim
|
|
Batting: RHB Raymond Young
|
0-0: Foul Ball, location: 2F 0-1: Ball 1-1: Swinging Strike 1-2: Ground out 4-3 (Groundball, 4S, EV 68.1 MPH)
|
|
Batting: RHB Carlos Salazar
|
0-0: Called Strike 0-1: Ground out 4-3 (Groundball, 4MD, EV 86.3 MPH)
|
|
Batting: LHB Joe Vida
|
0-0: Ball 1-0: Foul Ball, location: 2F 1-1: Ball 2-1: Ball 3-1: Base on Balls
|
|
Batting: LHB Alan Bianchard
|
0-0: Ball 1-0: Ball 2-0: Ball 3-0: Base on Balls Joe Vida to second
|
|
Pitching: RHP Ming-feng Pi
|
|
|
Batting: LHB Andy Sanchez
|
0-0: Called Strike 0-1: Foul Ball, location: 2F 0-2: Foul Ball, location: 2F 0-2: Ball 1-2: Strikes out swinging
|
| Bottom of the 6th over - 0 runs, 0 hits, 0 errors, 2 left on base; Kane County 3 - Wisconsin 1 |
| TOP OF THE 7TH |
|
Kane County Cougars batting - Pitching for Wisconsin Timber Rattlers : RHP Brian Harper
|
|
Batting: RHB Marlon Reda
|
0-0: Foul Ball, location: 2F 0-1: Swinging Strike 0-2: Ball 1-2: DOUBLE (Flyball, 89D, EV 104.4 MPH)
|
|
Batting: LHB T.J. Duvall
|
0-0: Ball 1-0: Called Strike 1-1: Fly out, F8 (Flyball, 8LD, EV 103.8 MPH)
|
|
Batting: RHB Matt Maxwell
|
0-0: Ball 1-0: Ball 2-0: Fly out, F9 (Flyball, 9, EV 90.6 MPH)
|
|
Batting: RHB John Pena
|
0-0: Ball 1-0: Ball 2-0: Ball 3-0: Base on Balls
|
|
Batting: RHB Curt Barrett
|
0-0: Foul Ball, location: 2F 0-1: Swinging Strike 0-2: Foul Ball, location: 2F 0-2: Ball 1-2: Fly out, F8 (Flyball, 8LM, EV 75.0 MPH)
|
| Top of the 7th over - 0 runs, 1 hit, 0 errors, 2 left on base; Kane County 3 - Wisconsin 1 |
| BOTTOM OF THE 7TH |
|
Wisconsin Timber Rattlers batting - Pitching for Kane County Cougars : RHP Ming-feng Pi
|
|
Batting: RHB Gene Sutton
|
0-0: Ball 1-0: SINGLE (Groundball, 3D, EV 105.0 MPH)
|
|
Batting: LHB Aaron Mobley
|
0-0: Called Strike 0-1: Called Strike 0-2: Fielders Choice at 2nd, 4-6 (Groundball, 4, EV 100.6 MPH)
|
|
Batting: RHB Aaron Lind
|
0-0: Ball 1-0: Ball 2-0: Foul Ball, location: 2F 2-1: Foul Ball, location: 2F 2-2: Ball 3-2: Base on Balls Aaron Mobley to second
|
|
Batting: RHB Bryant Thies
|
0-0: Called Strike 0-1: Fielders Choice at 2nd, 4-6 (Groundball, 4M, EV 76.9 MPH) Aaron Mobley to third
|
|
Batting: RHB Raymond Young
|
0-0: Ball Bryant Thies is caught stealing 2nd base 2-4
|
| Bottom of the 7th over - 0 runs, 1 hit, 0 errors, 1 left on base; Kane County 3 - Wisconsin 1 |
| TOP OF THE 8TH |
|
Kane County Cougars batting - Pitching for Wisconsin Timber Rattlers : RHP Brian Harper
|
|
Pitching: RHP Joe Shaw
|
|
|
Batting: LHB Brian Nielsen
|
0-0: Ball 1-0: Ball 2-0: SINGLE (Groundball, 6D, EV 103.8 MPH)
|
|
Batting: LHB Willie Gutierrez
|
0-0: Swinging Strike 0-1: Foul Ball, location: 2F 0-2: Ball 1-2: Foul Ball, location: 2F 1-2: SINGLE (Line Drive, 89S, EV 108.8 MPH) Brian Nielsen to second
|
|
Batting: RHB Franklin Villanueva
|
0-0: Swinging Strike 0-1: Ball 1-1: Swinging Strike 1-2: Ball 2-2: Foul Ball, location: 2F 2-2: Strikes out swinging
|
|
Batting: RHB Dave Vargas
|
0-0: Foul Ball, location: 2F 0-1: Ball 1-1: Called Strike 1-2: Ball 2-2: Foul Ball, location: 2F 2-2: Ball 3-2: Foul Ball, location: 2F 3-2: Strikes out swinging
|
|
Batting: RHB Marlon Reda
|
0-0: Ball 1-0: Called Strike 1-1: Called Strike 1-2: Reached on error, E4 (Groundball, 4S, EV 86.3 MPH) Brian Nielsen to third Willie Gutierrez to second
|
|
Batting: LHB T.J. Duvall
|
0-0: Ball 1-0: DOUBLE (Flyball, 8RXD, EV 107.5 MPH) Brian Nielsen scores Willie Gutierrez scores Marlon Reda to third Runner from 3rd tries for Home, SAFE, no throw by CF
|
|
Batting: RHB Matt Maxwell
|
0-0: Foul Ball, location: 2F 0-1: Ball 1-1: SINGLE (Groundball, 56D, EV 114.4 MPH) T.J. Duvall to third Runner from 3rd tries for Home, SAFE, throw by LF to home
|
|
Pitching: RHP Jason Ukena
|
|
|
Batting: RHB John Pena
|
0-0: Ball 1-0: Called Strike 1-1: Reached on error, E6 (Groundball, 6, EV 86.3 MPH) Matt Maxwell to second
|
|
Batting: RHB Curt Barrett
|
0-0: Ball 1-0: Ball 2-0: Foul Ball, location: 2F 2-1: Ball 3-1: Swinging Strike 3-2: Foul Ball, location: 2F 3-2: Base on Balls Matt Maxwell to third John Pena to second
|
|
Batting: LHB Brian Nielsen
|
0-0: Foul Ball, location: 2F 0-1: Swinging Strike 0-2: Strikes out looking
|
| Top of the 8th over - 4 runs, 4 hits, 2 errors, 3 left on base; Kane County 7 - Wisconsin 1 |
| BOTTOM OF THE 8TH |
|
Wisconsin Timber Rattlers batting - Pitching for Kane County Cougars : RHP Ming-feng Pi
|
|
Batting: RHB Raymond Young
|
0-0: Foul Ball, location: 2F 0-1: Ball 1-1: Swinging Strike 1-2: Ball 2-2: Ball 3-2: Foul Ball, location: 2F 3-2: Strikes out swinging
|
|
Batting: RHB Carlos Salazar
|
0-0: Ball 1-0: Called Strike 1-1: Ball 2-1: Ball 3-1: Called Strike 3-2: Foul Ball, location: 2F 3-2: Fly out, F7 (Line Drive, 7D, EV 96.9 MPH)
|
|
Batting: LHB Joe Vida
|
0-0: Foul Ball, location: 2F 0-1: Ball 1-1: Swinging Strike 1-2: Ball 2-2: Strikes out swinging
|
| Bottom of the 8th over - 0 runs, 0 hits, 0 errors, 0 left on base; Kane County 7 - Wisconsin 1 |
| TOP OF THE 9TH |
|
Kane County Cougars batting - Pitching for Wisconsin Timber Rattlers : RHP Jason Ukena
|
|
Batting: LHB Willie Gutierrez
|
0-0: Ball 1-0: Ground out 1-3 (Groundball, 13S, EV 66.3 MPH)
|
|
Batting: RHB Franklin Villanueva
|
0-0: Ball 1-0: Ball 2-0: Ball 3-0: Called Strike 3-1: Reached on error, E6 (Groundball, 6S, EV 94.4 MPH)
|
|
Batting: RHB Dave Vargas
|
0-0: Ball 1-0: Called Strike 1-1: Foul Ball, location: 2F 1-2: Foul Ball, location: 2F 1-2: Foul Ball, location: 2F 1-2: Strikes out swinging
|
|
Batting: RHB Marlon Reda
|
0-0: Ball 1-0: DOUBLE (Line Drive, 5D, EV 96.9 MPH) Franklin Villanueva to third
|
|
Batting: LHB T.J. Duvall
|
0-0: Swinging Strike 0-1: Foul Ball, location: 2F 0-2: Strikes out swinging
|
| Top of the 9th over - 0 runs, 1 hit, 1 error, 2 left on base; Kane County 7 - Wisconsin 1 |
| BOTTOM OF THE 9TH |
|
Wisconsin Timber Rattlers batting - Pitching for Kane County Cougars : RHP Ming-feng Pi
|
|
Batting: LHB Alan Bianchard
|
0-0: Called Strike 0-1: Ball 1-1: Ball 2-1: Foul Ball, location: 2F 2-2: Ball 3-2: Ground out 4-3 (Groundball, 4, EV 103.8 MPH)
|
|
Batting: LHB Andy Sanchez
|
0-0: Ball 1-0: Foul Ball, location: 2F 1-1: Fly out, F8 (Flyball, 78XD, EV 103.1 MPH)
|
|
Batting: RHB Gene Sutton
|
0-0: Ball 1-0: Called Strike 1-1: Swinging Strike 1-2: Foul Ball, location: 2F 1-2: Ground out 3-1 (Groundball, 34, EV 103.8 MPH)
|
| Bottom of the 9th over - 0 runs, 0 hits, 0 errors, 0 left on base; Kane County 7 - Wisconsin 1 |
|